 Dungeon Crawl Stone Soup version 0.32-a0-886-g41c5271027 (webtiles) character file.

Game seed: 13954417606474379886

115072 Griffin23 the Fencer (level 16, -9/190 HPs)
             Began as a Minotaur Fighter on Apr 2, 2024.
             Was a High Priest of Okawaru.
             Killed from afar by a starcursed mass (21 damage)
             ... with an accursed screaming
             ... on level 4 of the Abyss on Apr 3, 2024.
             The game lasted 01:21:02 (26725 turns).

Griffin23 the Fencer (Minotaur Fighter)            Turns: 26725, Time: 01:21:02

Health: -9/190     AC: 33    Str: 29    XL:     16   Next: 17%
Magic:  21/21      EV:  7    Int:  1    God:    Okawaru [*****.]
Gold:   2306       SH:  0    Dex:  8    Spells: 15/15 levels left

rFire   + . .        d - +2 triple sword (flame)
rCold   . . .        (shield currently unavailable)
rNeg    . . .        T - +5 plate armour of the Earth {rF+}
rPois   +            C - +2 hood of the Assassin {Detect Stab+ Stlth++}
rElec   .            R - +1 cloak
rCorr   .            W - +2 pair of gloves
SInv    .            X - +1 pair of boots {rampage}
Will    +....        i - amulet of regeneration Stlth
                     u - +6 ring of strength
HPRegen 1.31/turn    N - ring of poison resistance
MPRegen 0.17/turn

%: rampage
@: berserking, hasted, studying Long Blades, very quick
A: horns 2, retaliatory headbutt, [clumsy 2], [dopey 2], [frail 2], [screaming
2], [weak 2], [persistent drain]
a: Renounce Religion, Heroism, Finesse, Duel


You were on level 4 of the Abyss.
You worshipped Okawaru.
Okawaru was extremely pleased with you.
You visited 5 branches of the dungeon, and saw 24 of its levels.
You visited the Abyss 1 time.

You collected 3267 gold pieces.
You spent 961 gold pieces at shops.

Inventory:

Hand Weapons
 d - a +2 triple sword of flaming (weapon)
 L - a +0 spectral scimitar
 V - the +4 great sword "Spider's Peril" {heavy, rPois rF+ Dex+3}
   (You found it on level 13 of the Dungeon)

   Dex+3:     It affects your dexterity (+3).
   rF+:       It protects you from fire.
   rPois:     It protects you from poison.
Missiles
 y - 21 boomerangs (quivered)
 D - 3 throwing nets
Armour
 e - a +2 plate armour of fire resistance
 C - the +2 hood of the Assassin (worn) {Detect Stab+ Stlth++}
   (Okawaru gifted it to you on level 13 of the Dungeon)

   Detect:    It allows the wearer to sense nearby creatures.
   Stab+:     It allows the wearer to make particularly effective stabbing
   attacks against helpless or unaware enemies with any weapon.
   Stlth++:   It makes you much more stealthy.
 R - a +1 cloak (worn)
 T - the +5 plate armour of the Earth (worn) {rF+}
   (You bought it in a shop on level 2 of the Orcish Mines)

   rF+:       It protects you from fire.
 W - a +2 pair of gloves (worn)
 X - a +1 pair of boots of rampaging (worn)
 Y - a +0 plate armour
Jewellery
 i - an amulet of regeneration (around neck)
 j - a +6 ring of intelligence
 u - a +6 ring of strength (left hand)
 E - a +6 ring of intelligence
 M - a +5 ring of evasion
 N - a ring of poison resistance (right hand)
 Q - the ring "Jiloff" {Wiz Dex+3}
   (You found it on level 14 of the Dungeon)

   [ring of wizardry]

   Wiz:       It improves your spell success rate.
   Dex+3:     It affects your dexterity (+3).
Wands
 c - a wand of mindburst (6)
 w - a wand of charming (18)
 x - a wand of flame (7)
 I - a wand of digging (4)
 U - a wand of iceblast (12)
Scrolls
 b - 6 scrolls of noise
 l - 4 scrolls of vulnerability
 o - a scroll of butterflies
 p - 4 scrolls of revelation
 r - 5 scrolls of amnesia
 z - 2 scrolls of immolation
 A - 5 scrolls of fear
 F - 2 scrolls of enchant weapon
 J - 3 scrolls of teleportation
 K - 3 scrolls of poison
 P - 2 scrolls of enchant armour
 S - 2 scrolls of silence
 Z - 3 scrolls of fog
Potions
 f - a potion of ambrosia {unknown}
 g - 4 potions of magic
 h - a potion of resistance
 k - 2 potions of mutation
 m - 2 potions of enlightenment
 n - a potion of might
 q - 2 potions of cancellation
 s - 5 potions of lignification
 t - 2 potions of invisibility
 v - 2 potions of attraction
 B - 6 potions of curing
 H - 4 potions of brilliance
Miscellaneous
 a - a Gell's gravitambourine (2/2)
 O - a box of beasts


   Skills:
 * Level 18.8 Fighting
 * Level 20.2 Long Blades
 - Level 7.1 Throwing
 + Level 16.4 Armour
 - Level 5.9 Shields
 + Level 8.2 Invocations
 + Level 7.3 Evocations


You had 15 spell levels left.
You didn't know any spells.
Your spell library contained the following spells:

 Spells                   Type           Power      Damage    Failure   Level
 Magic Dart               Conj           0%         1d3       98%         1
 Sting                    Conj/Alch      0%         1d3       98%         1
 Blink                    Tloc           0%         N/A       99%         2
 Cigotuvi's Dreadful Rot  Necr/Alch/Air  0%         N/A       99%         2
 Mercury Vapours          Alch/Air       0%         N/A       99%         2
 Static Discharge         Conj/Air       0%         3-3/arc   99%         2
 Dazzling Flash           Conj/Hex       0%         N/A       100%        3
 Maxwell's Portable Pile  Tloc           0%         2d(5-13)  100%        3
 Airstrike                Air            0%         2d(0-16)  100%        4
 Anguish                  Hex/Necr       0%         N/A       100%        4
 Cause Fear               Hex            0%         N/A       100%        4
 Dispel Undead            Necr           0%         3d6       100%        4
 Olgreb's Toxic Radiance  Alch           0%         N/A       100%        4
 Arcjolt                  Conj/Air       0%         1d10      100%        5
 Starburst                Conj/Fire      0%         6d3       100%        6
 Enfeeble                 Hex            0%         N/A       100%        7
 Maxwell's Capacitive Co  Air            0%         ∞         100%        8
 Call Imp                 Summ           Unusable   N/A       N/A         2
 Martyr's Knell           Necr/Summ      Unusable   N/A       N/A         4
 Summon Lightning Spire   Summ/Air       Unusable   N/A       N/A         4

Dungeon Overview and Level Annotations

Branches:
Dungeon (15/15)            Temple (1/1) D:4            Lair (5/5) D:9
  Swamp (1/4) Lair:3        Snake (0/4) Lair:2        Slime (0/5) Lair:5
    Orc (2/2) D:11            Elf (0/3) Orc:2        Vaults (0/5) D:13
 Depths (0/4) D:15

Altars:
Ashenzari
Cheibriados
Dithmenos
Elyvilon
Fedhas
Gozag
Hepliaklqana
Kikubaaqudgha
Makhleb
Nemelex Xobeh
Okawaru
Qazlal
Ru
Sif Muna
Trog
Uskayaw
Vehumet
Wu Jian
Xom
Yredelemnul
Zin
The Shining One
Beogh

Shops:
D:2 :   D:5 :   D:8 *   D:13 [   Orc:2 [=(*

Annotations:
D:8 3 runed translucent doors, SirDancealot's ghost, novice MiFi
Lair:2 3 runed translucent doors, spaghetti's ghost, journeyman DsHu


Innate Abilities, Weirdness & Mutations

You have a pair of horns on your head.
You reflexively headbutt those who attack you in melee.
[You are very clumsy. (Dex -4)]
[You are very dopey. (Int -4)]
[You are very frail. (-20% HP)]
[You frequently scream uncontrollably at your foes.]
[You are very weak. (Str -4)]
[Your health recovers twice as slowly from being drained.]


Message History

The apocalypse crab bites you but does no damage.
The apocalypse crab barely misses you.
A cacophony of accursed wailing tears at your sanity!
The large abomination attacks as it pursues you!
The large abomination closely misses you.
A cacophony of accursed wailing tears at your sanity!
You suddenly lose the ability to move!
A starcursed mass splits.
The large abomination hits you but does no damage.
The apocalypse crab bites you but does no damage.
The apocalypse crab claws you but does no damage.
You can move again.
Press: ? - help, v - describe, . - travel A gateway leading deeper into the Abyss.
You feel yourself speed up.
The large abomination hits you but does no damage.
A cacophony of accursed wailing tears at your sanity!
The apocalypse crab bites you!
A red film seems to cover your vision as you go berserk!
You feel yourself moving faster!
You feel mighty! The apocalypse crab barely misses you.
The starcursed mass touches you but does no damage.
The large abomination attacks as it pursues you!
The large abomination hits you!!
* * * LOW HITPOINT WARNING * * *
Okay, then.
You feel a strong urge to attack something.
A cacophony of accursed wailing tears at your sanity!
* * * LOW HITPOINT WARNING * * *
You suddenly lose the ability to move!
The large abomination hits you!!
* * * LOW HITPOINT WARNING * * *
A starcursed mass splits.
You can move again.
You are too berserk!
You are too berserk!
The large abomination attacks as it pursues you!
The large abomination hits you but does no damage.
A cacophony of accursed wailing tears at your sanity!
You die...

...... #..... ###
#..... #.∩# #ß...ß
#...# #.....##...#
#.....#...#
..#.......#
.......@.###### #
....#.XXX..ß..#.#
......XtX........
...#..X#X.X.#.....
.......XXXX......
....#.hh.X.ß.....
#.......X.####...
..........#.....§
......#...... . ≈≈


You could see 12 starcursed masses, 2 large abominations, an apocalypse crab and
2 raiju.

Vanquished Creatures
  Gastronok (D:10)
  An orc warlord (Orc:2)
  The ghost of gimp the Eclecticist, a journeyman BaEE of Vehumet (Orc:2)
  The ghost of Senunast the Bludgeoner, a journeyman MiBe of Trog (D:13)
  An ettin (Orc:1)
  Snorg (Orc:1)
  2 fire dragons (D:15)
  Josephine (Lair:5)
  7 centaur warriors
  5 catoblepae (Lair:5)
  A spriggan air mage (Lair:3)
  4 hydras
  2 ogre magi
  15 two-headed ogres
  An alligator (Lair:3)
  8 boulder beetles
  21 death yaks
  A deep troll shaman (Lair:5)
  An orc high priest (Orc:2)
  Urug (Orc:2)
  Sonja (Lair:2)
  4 skeletal warriors (D:15)
  3 skysharks
  2 wretched stars
  2 spriggan druids (Lair:3)
  An obsidian bat (Orc:2)
  2 lindwurms
  A bog body (Lair:4)
  6 orc knights
  A deep elf pyromancer (D:14)
  3 orc sorcerers (Orc:2)
  A manticore (D:12)
  2 oklob plants (Lair:5)
  5 cyclopes
  3 black mambas
  5 kobold blastminers
  19 elephants
  8 ugly things
  A kobold demonologist (D:12)
  A torpor snail (Lair:4)
  8 cane toads
  6 rime drakes
  A large abomination (Abyss:4)
  3 yaktaurs (D:15)
  2 ice devils (D:12)
  A tengu conjurer (D:13)
  An efreet (D:15)
  A freezing wraith (D:13)
  5 komodo dragons
  4 trolls
  4 polar bears
  2 tyrant leeches (Lair:3)
  An ancient zyme (Abyss:4)
  Prince Ribbit (D:9)
  16 blink frogs
  A dream sheep (Lair:1)
  5 slime creatures (D:13)
  3 centaur simulacra (D:13)
  A meliai zombie (D:13)
  2 spriggans
  7 wraiths
  64 yaks
  2 shadows
  5 wyverns
  5 wargs
  A hog (shapeshifter) (D:15)
  4 basilisks
  2 steam dragons
  3 vampire mosquitoes (D:12)
  3 swamp worms (Lair:4)
  3 nagas (Lair:2)
  An acid dragon (D:9)
  11 water moccasins
  An ice beast (D:8)
  2 meliai simulacra (D:13)
  26 orc warriors
  3 black bears
  7 ogres
  19 centaurs
  3 boggarts (D:14)
  29 wolves
  2 phantoms
  16 bullfrogs
  A kobold brigand (D:12)
  5 scorpions
  A cane toad simulacrum (Lair:4)
  An elephant simulacrum (Lair:4)
  4 killer bees (D:9)
  9 howler monkeys
  A bombardier beetle (D:5)
  2 jellies
  2 gnoll boudas
  22 orc priests
  A boggart zombie (D:13)
  3 iguanas
  Natasha (thrice) (D:2)
  25 orc wizards
  A troll simulacrum (Lair:4)
  A boggart simulacrum (D:13)
  6 gnolls
  6 adders
  A white imp (D:5)
  2 ufetubi (D:6)
  6 ribbon worms
  2 dart slugs
  70 orcs
  4 endoplasms
  A giant cockroach (D:3)
  5 goblins
  8 hobgoblins
  6 jackals
  3 quokkas
  11 ball pythons
  6 bats
  5 frilled lizards
  13 kobolds
  10 rats
681 creatures vanquished.

Vanquished Creatures (others)
  A tengu conjurer (D:13)
  A polar bear (Lair:5)
  14 spectral weapons
16 creatures vanquished.

Grand Total: 697 creatures vanquished

Notes
Turn   | Place    | Note
-------+----------+-------------------------------------------
     0 | D:1      | Griffin23 the Minotaur Fighter began the quest for the Orb.
     0 | D:1      | Reached XP level 1. HP: 19/19 MP: 0/0
   175 | D:1      | Reached XP level 2. HP: 27/27 MP: 1/1
   762 | D:2      | Reached skill level 3 in Long Blades
   762 | D:2      | Reached XP level 3. HP: 31/33 MP: 2/2
   885 | D:2      | Noticed Natasha
   895 | D:2      | Killed Natasha
  1174 | D:2      | Reached XP level 4. HP: 40/40 MP: 3/3
  1264 | D:2      | Noticed Natasha
  1271 | D:2      | Killed Natasha
  1284 | D:2      | Noticed Natasha
  1288 | D:2      | Killed Natasha
  1289 | D:2      | Reached skill level 4 in Long Blades
  1296 | D:2      | Found Ygga's Vocational Training.
  1445 | D:3      | Reached XP level 5. HP: 42/47 MP: 4/4
  1778 | D:3      | Found a burning altar of Makhleb.
  2404 | D:4      | Noticed an ogre
  2414 | D:4      | Killed an ogre
  2415 | D:4      | Reached skill level 5 in Fighting
  2415 | D:4      | Reached skill level 5 in Long Blades
  2415 | D:4      | Reached skill level 5 in Armour
  2415 | D:4      | Reached skill level 5 in Shields
  2415 | D:4      | Reached XP level 6. HP: 16/56 MP: 5/5
  3005 | D:4      | Found a staircase to the Ecumenical Temple.
  3184 | Temple   | Entered the Ecumenical Temple
  3326 | Temple   | Became a worshipper of Warmaster Okawaru
  3366 | D:5      | Entered Level 5 of the Dungeon
  3434 | D:5      | Reached XP level 7. HP: 59/61 MP: 6/6
  3471 | D:5      | Reached skill level 6 in Long Blades
  3740 | D:5      | Found Deishry's Book Shop.
  3957 | D:5      | Reached * piety under Okawaru
  3979 | D:5      | Found a radiant altar of Vehumet.
  3980 | D:5      | Found a blossoming altar of Fedhas.
  4237 | D:6      | Identified a scroll of acquirement
  4255 | D:6      | Reached skill level 7 in Long Blades
  4305 | D:6      | Reached XP level 8. HP: 25/70 MP: 4/7
  4420 | D:6      | Reached skill level 8 in Long Blades
  4627 | D:6      | Reached skill level 9 in Long Blades
  4728 | D:6      | Noticed a moth of wrath
  4732 | D:6      | Found a bloodstained altar of Trog.
  5184 | D:7      | Reached XP level 9. HP: 74/79 MP: 8/8
  5503 | D:7      | Found a sand-covered staircase.
  5730 | D:8      | Found a runed translucent gate.
  5732 | D:8      | Found a runed translucent gate.
  5733 | D:8      | Found a runed translucent gate.
  5733 | D:8      | Noticed SirDancealot's ghost (novice MiFi)
  5867 | D:8      | Reached ** piety under Okawaru
  5905 | D:8      | Reached skill level 10 in Long Blades
  5978 | D:8      | Found Aeklixigh's Alliterative Armaments.
  5986 | D:8      | Bought a +0 spectral scimitar for 168 gold pieces
  6001 | D:8      | Noticed a two-headed ogre
  6013 | D:8      | Killed a two-headed ogre
  6014 | D:8      | Reached skill level 11 in Long Blades
  6126 | D:8      | Noticed a two-headed ogre
  6139 | D:8      | Killed a two-headed ogre
  6139 | D:8      | Reached *** piety under Okawaru
  6244 | D:8      | Reached XP level 10. HP: 87/91 MP: 9/9
  6316 | D:8      | Reached **** piety under Okawaru
  6317 | D:8      | Reached skill level 12 in Long Blades
  6492 | D:9      | Identified the +0 hat "Xoyn Fup" {+Inv rF+}
  6559 | D:9      | Noticed an elephant
  6560 | D:9      | Found a staircase to the Lair.
  6568 | D:9      | Killed an elephant
  6630 | D:8      | Reached skill level 13 in Long Blades
  6630 | D:8      | Reached skill level 10 in Armour
  6699 | D:8      | Reached skill level 10 in Fighting
  6847 | D:9      | Noticed Prince Ribbit
  6864 | D:9      | Killed Prince Ribbit
  7299 | D:10     | Entered Level 10 of the Dungeon
  7320 | D:10     | Reached ***** piety under Okawaru
  7348 | D:10     | Noticed Gastronok
  7366 | D:10     | Killed Gastronok
  7367 | D:10     | Reached skill level 14 in Long Blades
  7367 | D:10     | Reached XP level 11. HP: 62/101 MP: 10/10
  8466 | D:10     | Found a hide-covered altar of Uskayaw.
  8469 | D:10     | Found a basalt altar of Yredelemnul.
  8472 | D:10     | Found a shimmering blue altar of Sif Muna.
 10424 | Lair:1   | Entered Level 1 of the Lair of Beasts
 10665 | Lair:1   | Acquired 684 gold pieces
 10760 | Lair:1   | Received a gift from Okawaru
 10762 | Lair:1   | Reached skill level 15 in Long Blades
 11530 | Lair:2   | Noticed a seven-headed hydra
 11640 | Lair:2   | Killed a seven-headed hydra
 11640 | Lair:2   | Received a gift from Okawaru
 11736 | Lair:2   | Reached skill level 1 in Throwing
 11828 | Lair:2   | Noticed Sonja
 11846 | Lair:2   | Killed Sonja
 11847 | Lair:2   | Reached skill level 16 in Long Blades
 11847 | Lair:2   | Reached XP level 12. HP: 44/112 MP: 11/11
 12196 | Lair:2   | Found a staircase to the Snake Pit.
 12415 | Lair:2   | Found a runed translucent gate.
 12415 | Lair:2   | Found a runed translucent gate.
 12415 | Lair:2   | Found a runed translucent gate.
 12416 | Lair:2   | Noticed a minotaur
 12417 | Lair:2   | Noticed spaghetti's ghost (journeyman DsHu)
 12878 | Lair:2   | Received a gift from Okawaru
 12884 | Lair:2   | Reached ****** piety under Okawaru
 13056 | Lair:3   | Noticed a death yak
 13056 | Lair:3   | Noticed a death yak
 13062 | Lair:3   | Noticed a death yak
 13062 | Lair:3   | Noticed a death yak
 13063 | Lair:3   | Noticed a death yak
 13064 | Lair:3   | Noticed a death yak
 13074 | Lair:2   | Killed a death yak
 13122 | Lair:2   | Killed a death yak
 13157 | Lair:2   | Killed a death yak
 13168 | Lair:2   | Killed a death yak
 13242 | Lair:2   | Killed a death yak
 13243 | Lair:2   | Reached skill level 5 in Throwing
 13269 | Lair:3   | Killed a death yak
 13278 | Lair:3   | Received a gift from Okawaru
 13294 | Lair:3   | Noticed a four-headed hydra
 13379 | Lair:3   | Killed a ten-headed hydra
 13524 | Lair:3   | You fall into a shaft and drop 2 floors!
 13524 | Lair:5   | Entered Level 5 of the Lair of Beasts
 13525 | Lair:5   | Noticed a catoblepas
 13536 | Lair:5   | Noticed a boulder beetle
 13564 | Lair:4   | Reached skill level 1 in Invocations
 13665 | Lair:3   | Reached skill level 1 in Evocations
 13799 | Lair:3   | Noticed a death yak
 13802 | Lair:3   | Received a gift from Okawaru
 13803 | Lair:3   | Reached XP level 13. HP: 74/123 MP: 13/13
 14272 | Lair:3   | Found a staircase to the Swamp.
 15474 | Lair:4   | Received a gift from Okawaru
 15835 | Lair:4   | Received a gift from Okawaru
 15842 | Lair:4   | Reached skill level 15 in Fighting
 16412 | Lair:4   | Received a gift from Okawaru
 16586 | Lair:4   | Reached XP level 14. HP: 101/135 MP: 16/16
 16893 | Lair:5   | Found a staircase to the Slime Pits.
 16985 | Lair:5   | Reached skill level 17 in Long Blades
 17119 | Lair:5   | Noticed Josephine
 17134 | Lair:5   | Killed Josephine
 17135 | Lair:5   | Reached skill level 5 in Invocations
 17665 | Lair:5   | Received a gift from Okawaru
 17781 | Lair:5   | Reached skill level 5 in Evocations
 17950 | Lair:5   | Reached skill level 15 in Armour
 18047 | Lair:5   | Identified the +1 orcbow "Doalosko" {antimagic, rPois Int+4
                  | Dex+3}
 19306 | D:11     | Found a staircase to the Orcish Mines.
 19522 | D:11     | Received a gift from Okawaru
 20625 | D:12     | Acquired a +2 triple sword of flaming
 20625 | D:12     | Received a gift from Okawaru
 20884 | D:13     | Found a hazy altar of Hepliaklqana.
 21015 | D:13     | Received a gift from Okawaru
 21101 | D:13     | Acquired the +2 hood of the Assassin {Detect Stab+ Stlth++}
 21101 | D:13     | Received a gift from Okawaru
 21101 | D:13     | Found the +2 hood of the Assassin {Detect Stab+ Stlth++}
 21136 | D:13     | Reached XP level 15. HP: 146/147 MP: 18/18
 21258 | D:13     | Found Eciugi's Antique Armour Boutique.
 21287 | D:13     | Identified the +4 great sword "Spider's Peril" {heavy,
                  | rPois rF+ Dex+3}
 21405 | D:13     | Found a gate to the Vaults.
 21557 | D:13     | Received a gift from Okawaru
 21590 | D:13     | Found a runed translucent gate.
 21590 | D:13     | Found a runed translucent gate.
 21591 | D:13     | Found a runed translucent gate.
 21594 | D:13     | Noticed Senunast's ghost (journeyman MiBe)
 21777 | D:13     | Killed Senunast's ghost
 22155 | D:14     | Acquired 518 gold pieces
 22402 | D:14     | Reached skill level 18 in Long Blades
 22443 | D:14     | Identified the ring "Jiloff" {Wiz Dex+3}
 22586 | D:15     | Entered Level 15 of the Dungeon
 22894 | D:15     | HP: 3/148 [two-headed ogre/+0 giant club (12)]
 23022 | D:15     | Received a gift from Okawaru
 23538 | D:15     | Found a staircase to the Depths.
 23689 | D:15     | Reached skill level 19 in Long Blades
 23910 | Orc:1    | Entered Level 1 of the Orcish Mines
 24051 | Orc:2    | Entered Level 2 of the Orcish Mines
 24053 | Orc:2    | Found a runed translucent door.
 24054 | Orc:2    | Noticed Urug
 24060 | Orc:2    | Killed Urug
 24060 | Orc:2    | Noticed gimp's ghost (journeyman BaEE)
 24186 | Orc:2    | Received a gift from Okawaru
 24377 | Orc:2    | Noticed Snorg
 24509 | Orc:1    | Killed Snorg
 24633 | Orc:2    | Found a staircase to the Elven Halls.
 24688 | Orc:2    | Found Qyucisel's General Store.
 25195 | Orc:2    | Paralysed by an orc sorcerer for 4 turns
 25299 | Orc:2    | Found a roughly hewn altar of Beogh.
 25311 | Orc:2    | Received a gift from Okawaru
 25320 | Orc:2    | Found Ungiul's Antique Armour Shoppe.
 25386 | Orc:2    | Reached XP level 16. HP: 159/159 MP: 20/20
 25458 | Orc:2    | Found Burheabi's Jewellery Shoppe.
 25563 | Orc:2    | Found Kenoj's Antique Weapon Shoppe.
 25782 | Orc:2    | Killed gimp's ghost
 25859 | Orc:1    | Reached skill level 20 in Long Blades
 26050 | Orc:1    | You fall into a shaft and drop 1 floor!
 26166 | Orc:2    | Bought a wand of flame (6) for 63 gold pieces
 26166 | Orc:2    | Bought a scroll of identify for 30 gold pieces
 26254 | Orc:2    | Bought a scorched plate armour for 700 gold pieces
 26254 | Orc:2    | Identified the +5 plate armour of the Earth {rF+} (You
                  | bought it in a shop on level 2 of the Orcish Mines)
 26427 | Swamp:1  | Entered Level 1 of the Swamp
 26606 | Abyss:3  | Cast into level 3 of the Abyss (spriggan rider)
 26712 | Abyss:4  | Paralysed by accursed screaming for 2 turns
 26718 | Abyss:4  | Paralysed by accursed screaming for 2 turns
 26722 | Abyss:4  | Paralysed by accursed screaming for 2 turns
 26725 | Abyss:4  | Killed from afar by a starcursed mass

Illustrated notes

Levels and vault maps discovered:
D:1:      minmay_arrival_glassed_features, layout_loops_ring
D:2:      layout_basic, nicolae_shop_vocational, uniq_natasha
D:3:      minmay_angry_zag, layout_loops_corners,
          mainiacjoe_overflow_small_starburst, minmay_circle_x
D:4:      layout_rooms, temple_fountains, st_stairs_3
D:5:      layout_loops_ring, nicolae_overflow_squiral, serial_shops, shop
D:6:      layout_cave_pools, tgw_trog
D:7:      layout_basic, nicolae_ossuary_entry_ruins
D:8:      layout_basic, gammafunk_ghost_nasty_kobolds,
          monkooky_shop_alliterative
D:9:      layout_cave_pools, david_lair_generic, uniq_prince_ribbit1
D:10:     layout_irregular_city, grunt_temple_overflow_diamond,
          minmay_stone_trees_medium, uniq_gastronok
D:11:     layout_loops_cross, erik_orc_4
D:12:     layout_irregular_city, portal_ice_cave_demonic_guard
D:13:     layout_loops_ring, david_vaults_4, serial_shops,
          nicolae_take_the_stairs, gammafunk_ghost_necromancy,
          worldfamousw_hep_ancestral_shrine
D:14:     layout_basic
D:15:     grunt_enter_depths_hoard, layout_rooms, chequers_arboretum
Temple:   hellmonk_temple_of_storms
Lair:1:   layout_roguey, dreamdust_gnoll_shepherd
Lair:2:   layout_hall_layers, nicolae_snake_entry_squirm,
          maelrawn_ghost_gauntlet_escape, uniq_amaemon, uniq_sonja
Lair:3:   layout_layer_cave, mainiacjoe_swamp_entry_angry_trees,
          bh_autumn_forest_stairs
Lair:4:   dreamdust_isle_of_ice, layout_cave_shapes, gauntlet_entry_generic,
          worms_lemuel, infiniplex_staircase_pool_2
Lair:5:   grunt_lair_end_beastmaster, layout_cave_pods,
          minmay_slime_entry_oklob_open, serial_bayou_crossing,
          grunt_megastairs_4, uniq_josephine
Swamp:1:  layout_falls_marsh, serial_swamp_ruin, evilmike_swamp_ruin_house_6,
          hangedman_swamp_ruin_wall, evilmike_swamp_ruin_rubble_1
Orc:1:    layout_diamond_mine
Orc:2:    grunt_orc_cross, layout_diamond_mine, ebering_ghost_reflecting_pool,
          uniq_snorg, uniq_urug
Abyss:4:  base: Orc:2, guppyfry_abyss_exit_spiral_guarded,
          gammafunk_abyss_rune_reverse_zot

Skill      XL: |  1  2  3  4  5  6  7  8  9 10 11 12 13 14 15 16 |
---------------+-------------------------------------------------+-----
Fighting       | 4 5 6 7 9 10 12 13 15 17 18 | 18.8
Armour         | 4 5 6 7 9 10 12 13 14 15 16 | 16.4
Shields        | 4 5 |  5.9
Long Blades    | 3 4 5 7 9 11 14 16 17 19 20 | 20.2
Throwing       | 1 5 7 |  7.1
Invocations    | 1 4 6 7 8 |  8.2
Evocations     | 1 3 5 7 |  7.3

Action                     |  1- 3 |  4- 6 |  7- 9 | 10-12 | 13-15 | 16-18 || total
---------------------------+-------+-------+-------+-------+-------+-------++-------
  Melee: Long sword        |    78 |   172 |   264 |       |       |       ||   514
         Headbutt          |     7 |    35 |    57 |   152 |   382 |    14 ||   647
         Scimitar          |       |       |     4 |   562 |   845 |       ||  1411
         Triple sword      |       |       |       |       |    79 |    27 ||   106
         Great sword       |       |       |       |       |   366 |    72 ||   438
  Throw: Boomerang         |       |     1 |       |     4 |     3 |       ||     8
 Invoke: Heroism           |       |       |     3 |     7 |     8 |       ||    18
         Finesse           |       |       |       |     1 |     7 |       ||     8
         Receive Weapon    |       |       |       |       |     1 |       ||     1
         Receive Armour    |       |       |       |       |     1 |       ||     1
Ability: Evoke Invisibilit |       |       |       |     1 |       |       ||     1
  Evoke: Wand              |       |       |     6 |    39 |    11 |       ||    56
         Gell's gravitambo |       |       |       |       |     2 |       ||     2
    Use: Scroll            |       |       |     5 |     8 |    18 |    12 ||    43
         Potion            |       |       |       |     2 |     7 |     1 ||    10
   Stab: Distracted        |       |       |       |    10 |    12 |       ||    22
         Petrified         |       |       |       |       |     7 |       ||     7
         Petrifying        |       |       |       |       |     2 |       ||     2
 Armour: Scale mail        |    64 |   111 |    12 |       |       |       ||   187
         Chain mail        |       |       |   172 |   645 |   171 |       ||   988
         Plate armour      |       |       |       |       |  1300 |   127 ||  1427
  Dodge: Dodged            |    37 |    85 |    93 |   221 |   456 |    44 ||   936
  Block: Buckler           |    14 |    38 |    58 |   146 |   153 |       ||   409

Table legend: (Time is in decaauts)
 A = Elapsed time spent in this place.
 B = Non-inter-level travel time spent in this place.
 C = Inter-level travel time spent in this place.
 D = Time resting spent in this place.
 E = Time spent auto-exploring this place.
 F = Levels seen in this place.
 G = Mean time per level.
                   A        B        C        D        E       F      G
               +--------+--------+--------+--------+--------+-----+--------+
         Total |  26566 |  24775 |   1791 |   5333 |  13927 |  26 | 1021.8 |
       Dungeon |  15616 |  14573 |   1043 |   3362 |   8582 |  15 | 1041.1 |
        Temple |    162 |    142 |     20 |      0 |      0 |   1 |  162.0 |
          Lair |   8204 |   7685 |    519 |   1451 |   4407 |   5 | 1640.8 |
         Swamp |     24 |     24 |      0 |      0 |      0 |   1 |   24.0 |
  Orcish Mines |   2439 |   2232 |    207 |    520 |    921 |   2 | 1219.5 |
         Abyss |    119 |    119 |      0 |      0 |     16 |   2 |   59.5 |
               +--------+--------+--------+--------+--------+-----+--------+

Top non-repeatable levels by time:
    D:10: 3187 daAuts
  Lair:5: 2050 daAuts
  Lair:3: 1819 daAuts
  Lair:2: 1816 daAuts
   Orc:2: 1513 daAuts
  Lair:4: 1408 daAuts
  Lair:1: 1108 daAuts
     D:8: 1102 daAuts
    D:15: 1099 daAuts
    D:13: 1032 daAuts
     D:3: 1017 daAuts
    D:12: 1000 daAuts
   Orc:1: 926 daAuts
     D:5: 926 daAuts
     D:4: 888 daAuts
